 Dungeon Crawl Stone Soup version 0.23.1-41-g7e51ed32d8 (webtiles) character file.

Game seed: 13743960733294562576

137 PentaManta the Slasher (level 5, -4/36 HPs)
             Began as an Octopode Fighter on Mar 30, 2019.
             Slain by a bullfrog zombie (7 damage)
             ... on level 3 of the Dungeon.
             The game lasted 00:04:48 (2366 turns).

PentaManta the Slasher (Octopode Fighter)           Turns: 2366, Time: 00:04:49

Health: -4/36      AC:  1    Str: 16    XL:     5   Next: 20%
Magic:  5/5        EV: 11    Int: 10    God:
Gold:   88         SH:  8    Dex: 12    Spells: 4/4 levels left

rFire    . . .     SeeInvis .   a - +0 long sword
rCold    . . .     Gourm    .   b - +0 shield
rNeg     . . .     Faith    .   (helmet restricted)
rPois    .         Spirit   .   (no amulet)
rElec    .         Reflect  .   (no ring)
rCorr    .         Harm     .   (no ring)
MR       .....                  (no ring)
Stlth    ++........             (no ring)
HPRegen  0.12/turn              (no ring)
MPRegen  0.09/turn              (no ring)
                                (no ring)
                                (no ring)

@: no status effects
A: almost no armour, stealthy swim, amphibious, 8 rings, constrict 8, camouflage
1, gelatinous body 1
a: no special abilities


You were on level 3 of the Dungeon.
You were not hungry.

You visited 1 branch of the dungeon, and saw 3 of its levels.

You collected 88 gold pieces.

Inventory:

Hand Weapons
 a - a +0 long sword (weapon)
 q - a +0 blowgun
Missiles
 r - 18 poisoned needles
Armour
 b - a +0 shield (worn)
 p - a +0 buckler
Scrolls
 f - a scroll of amnesia {unknown}
 g - 2 scrolls of teleportation {unknown}
 i - 2 scrolls of identify {unknown}
 j - a scroll of remove curse {unknown}
 l - 2 scrolls of fog {unknown}
 m - 3 scrolls of enchant armour {unknown}
 n - a scroll of enchant weapon {unknown}
Potions
 c - a potion of might
 e - 2 potions of heal wounds {unknown}
 h - a potion of haste
 k - 2 potions of flight {unknown}
 o - 2 potions of curing {unknown}
Comestibles
 d - 5 rations


   Skills:
 - Level 3.0 Fighting
 + Level 5.2 Long Blades
 - Level 3.0 Dodging
 - Level 3.0 Shields


You had 4 spell levels left.
You didn't know any spells.
Your spell library contained the following spells:

 Spells                   Type           Power        Failure   Level  Hunger
 Animate Skeleton         Necr           N/A          87%         1    ##.....
 Apportation              Tloc           #.....       87%         1    ##.....
 Confusing Touch          Hex            #.....       87%         1    ##.....
 Summon Small Mammal      Summ           #...         87%         1    ##.....


Dungeon Overview and Level Annotations

Branches:
Dungeon (3/15)

Altars:
Okawaru
The Shining One


Innate Abilities, Weirdness & Mutations

You cannot wear most types of armour.
You are very stealthy in the water. (Stealth+)
You are amphibious.
You can wear up to eight rings at the same time.
You can use your tentacles to constrict eight enemies at once.
Your skin changes colour to match your surroundings (Stealth+).
Your rubbery body absorbs attacks. (AC +1, EV +1)


Message History

You constrict the bullfrog zombie. The bullfrog zombie hits you.
* * * LOW HITPOINT WARNING * * *
The bullfrog zombie barely misses you.
You riposte.
You hit the bullfrog zombie. You squeeze the bullfrog zombie!
The bullfrog zombie is moderately damaged.
You release your grip on the bullfrog zombie.
You hit the bullfrog zombie but do no damage.
You grab the bullfrog zombie. You squeeze the bullfrog zombie.
The bullfrog zombie is heavily damaged.
You constrict the bullfrog zombie. You block the bullfrog zombie's attack.
The bullfrog zombie hits you.
* * * LOW HITPOINT WARNING * * *
You release your grip on the bullfrog zombie.
The bullfrog zombie barely misses you.
Things that are here:
a +0 war axe; a +0 leather armour; a +0 short sword
Things that are here:
a +0 rapier; a +0 leather armour; a kobold corpse The bullfrog zombie hits you!
You die...

..# #†#...### ).#
#.......#####.#
..####........##.#.#
.....#........#....##
.).........##........
.<÷........##.#....
.)##...†..###..#.# #
..#.#.##..####...#.#
..g###.#.....))Z@..#
##..#.##.#####..####
#.(.....# #..#
##.#.##### #..#
.....# ..... .#####
###..## .).# #..#
.#.# #... g.g.. #.##


You could see a bullfrog zombie.

Vanquished Creatures
  Robin (D:2)
  5 adders
  An ooze (D:1)
  A worm (D:2)
  2 orcs (D:3)
  3 ball pythons
  4 giant cockroaches
  12 goblins
  8 hobgoblins
  2 jackals (D:1)
  11 kobolds
  6 quokkas (D:2)
  2 bats (D:1)
  3 frilled lizards (D:2)
  9 rats
  2 plants (D:2)
72 creatures vanquished.

Notes
Turn   | Place    | Note
-------+----------+-------------------------------------------
     0 | D:1      | PentaManta the Octopode Fighter began the quest for the
                  | Orb.
     0 | D:1      | Reached XP level 1. HP: 16/16 MP: 1/1
   128 | D:1      | Reached XP level 2. HP: 3/21 MP: 2/2
   427 | D:1      | Reached skill level 3 in Long Blades
   763 | D:1      | Reached XP level 3. HP: 26/26 MP: 3/3
  1210 | D:2      | Found an iron altar of Okawaru.
  1224 | D:2      | Reached skill level 4 in Long Blades
  1234 | D:2      | Reached XP level 4. HP: 17/31 MP: 4/4
  1461 | D:2      | Found a glowing golden altar of the Shining One.
  1943 | D:3      | Noticed Robin
  2042 | D:2      | Killed Robin
  2042 | D:2      | Reached skill level 5 in Long Blades
  2042 | D:2      | Reached XP level 5. HP: 26/36 MP: 5/5
  2366 | D:3      | Slain by a bullfrog zombie

Skill      XL: |  1  2  3  4 |
---------------+-------------+-----
Long Blades    | 3 4 5 |  5.2
Fighting       | |  3.0
Dodging        | |  3.0
Shields        | |  3.0

Action                   |  1- 3 |  4- 6 || total
-------------------------+-------+-------++-------
Melee: Long sword        |    72 |    86 ||   158
       Tentacles         |     7 |    23 ||    30
       Constrict         |    15 |    29 ||    44
 Stab: Sleeping          |     3 |     1 ||     4
  Eat: Chunk             |       |     5 ||     5
Armor: Skin              |     2 |     2 ||     4
Dodge: Dodged            |    31 |    44 ||    75
Block: Shield            |    30 |    35 ||    65
       Rpst.: Long sword |     8 |    11 ||    19
